 Dungeon Crawl Stone Soup version 0.29-a0-732-g3d7fbe0af2 (webtiles) character file.

Game seed: 6194688792223529971

63 coolguy69 the Cutter (level 4, -1/24 HPs)
             Began as a Vine Stalker Monk on June 29, 2022.
             Slain by a goblin
             ... wielding a +0 club
             ... led by Robin
              (2 damage)
             ... on level 3 of the Dungeon.
             The game lasted 00:02:21 (2662 turns).

coolguy69 the Cutter (Vine Stalker Monk)            Turns: 2662, Time: 00:02:21

Health: -1/24      AC:  3    Str: 14    XL:     4   Next: 9%
Magic:  0/14       EV: 13    Int: 10    God:
Gold:   154        SH:  0    Dex: 18    Spells: 3/3 levels left

rFire   . . .      SeeInvis .   b - +2 dagger (holy)
rCold   . . .      Faith    .   (no shield)
rNeg    + + .      Spirit   +   j - +1 robe "Yluidet" {-Tele rElec rN++ MP+9}
rPois   .          Reflect  .   (no helmet)
rElec   +          Harm     .   (no cloak)
rCorr   .          Rampage  .   (no gloves)
Will    .....      NoTele   +   (no boots)
Stlth   +++.......              (no amulet)
HPRegen 0.88/turn               (no ring)
MPRegen 0.14/turn               (no ring)

@: lethally poisoned (-1 -> -2)
A: fangs 2, regeneration 1, magic shield, antimagic bite, no potion heal 2
a: no special abilities


You were on level 3 of the Dungeon.
You visited 1 branch of the dungeon, and saw 3 of its levels.

You collected 154 gold pieces.

Inventory:

Hand Weapons
 b - a +2 dagger of holy wrath (weapon)
Armour
 j - the +1 robe "Yluidet" (worn) {-Tele rElec rN++ MP+9}
   (You found it on level 2 of the Dungeon)

   rElec:     It insulates you from electricity.
   rN:        It greatly protects you from negative energy.
   MP:        It affects your magic capacity (+9).
   -Tele:     It prevents most forms of teleportation.
Scrolls
 a - a scroll of teleportation {unknown}
 g - 2 scrolls of identify {unknown}
 i - a scroll of fog {unknown}
Potions
 c - 2 potions of ambrosia
 d - a potion of haste {unknown}
 e - a potion of magic {unknown}
 h - a potion of attraction {unknown}


   Skills:
 + Level 3.0 Fighting
 + Level 3.4 Short Blades
 + Level 0.5 Armour
 + Level 2.8 Dodging
 + Level 3.1 Stealth


You had 3 spell levels left.
You didn't know any spells.
Your spell library contained the following spells:

 Spells                   Type           Power      Damage    Failure   Level
 Static Discharge         Conj/Air       0%         N/A       50%         2
 Sublimation of Blood     Necr           0%         N/A       50%         2
 Wereblood                Tmut           0%         N/A       50%         2
 Lightning Bolt           Conj/Air       0%         1d11      100%        5
 Summon Hydra             Summ           0%         N/A       100%        7
 Maxwell's Capacitive Co  Air            0%         ∞         100%        8


Dungeon Overview and Level Annotations

Branches:
Dungeon (3/15)

Altars:

Annotations:
D:3 Robin


Innate Abilities, Weirdness & Mutations

You have extremely sharp teeth.
Your natural rate of healing is unusually fast.
When hurt, damage is shared between your health and your magic reserves.
Your bite disrupts and absorbs the magic of your enemies.
Potions cannot restore your health.


Message History

The adder is severely wounded.
You feel sick. The adder bites you.
You are more poisoned.
The adder poisons you!
You miss the adder.
The adder is severely wounded.
You feel sick. The adder bites you.
You are more poisoned.
The adder poisons you!
Robin says, "A pitiful Vine Stalker like you will never find the ORB!"
Robin throws the goblin at you!
You hit the adder. Your bite misses the adder.
The adder is almost dead.
You feel very sick. The adder bites you but does no damage.
The goblin barely misses you.
You miss the adder.
The adder is almost dead.
* * * LOW HITPOINT WARNING * * *
You feel sick. The adder misses you. The goblin hits you with a +0 club.
* * * LOW HITPOINT WARNING * * *
Unknown command.
You hit the adder.
The adder is almost dead.
* * * LOW HITPOINT WARNING * * *
You feel very sick. The adder bites you. The goblin closely misses you.
Unknown command.
You closely miss the adder.
The adder is almost dead.
* * * LOW HITPOINT WARNING * * *
You feel sick. The adder barely misses you. The adder closely misses you.
Unknown command.
You are too injured to fight recklessly!
You barely miss the adder.
The adder is almost dead.
* * * LOW HITPOINT WARNING * * *
You feel sick.
A hobgoblin comes into view.
The goblin hits you with a +0 club.
You die...

### #
##.##
#.##...##
#...<...#
####...##
##g## #@#
#S#
#######g#
......gg#
######gg#
#gg# #gr#
#gw# ...w


You could see a worm, Robin, an adder, 4 hobgoblins, 5 goblins and a rat.

Vanquished Creatures
  3 dart slugs
  4 bats (D:1)
  9 endoplasms
  4 giant cockroaches
  3 goblins
  6 hobgoblins
  3 jackals (D:2)
  4 quokkas
  4 ball pythons
  2 frilled lizards
  4 kobolds
  2 rats
48 creatures vanquished.

Notes
Turn   | Place    | Note
-------+----------+-------------------------------------------
     0 | D:1      | coolguy69 the Vine Stalker Monk began the quest for the
                  | Orb.
     0 | D:1      | Reached XP level 1. HP: 11/11 MP: 2/2
   165 | D:1      | Reached XP level 2. HP: 11/16 MP: 3/3
  1013 | D:1      | Reached XP level 3. HP: 12/20 MP: 2/4
  1161 | D:1      | Found a faded altar of an unknown god.
  1838 | D:2      | Identified the +1 robe "Yluidet" {-Tele rElec rN++ MP+9}
  2384 | D:2      | Gained mutation: Your natural rate of healing is unusually
                  | fast. [Vine Stalker growth]
  2384 | D:2      | Reached XP level 4. HP: 19/24 MP: 5/5
  2646 | D:3      | Noticed Robin
  2662 | D:3      | HP: 1/24 [poisoned by an adder]
  2662 | D:3      | Slain by a goblin

Illustrated notes

Levels and vault maps discovered:
D:1:      dreamdust_arrival_sigmund_warning, layout_loops_ring,
          basic_ecumenical_altar, chequers_serial_rivers_micro_b,
          minmay_misc_feat_cross
D:2:      kennysheep_big_flooded_room, layout_loops_cross
D:3:      layout_loops_ring, gammafunk_ghost_necromancy, nrook_loot_triangle,
          minmay_misc_feat_square, minmay_misc_feat_diagonals, uniq_robin

Skill      XL: |  1  2  3 |
---------------+----------+-----
Short Blades   | 3 |  3.4
Fighting       | 3 |  3.0
Stealth        | 3 |  3.1
Armour         | |  0.5
Dodging        | |  2.8

Action                   |  1- 3 |  4- 6 || total
-------------------------+-------+-------++-------
Melee: Short sword       |   135 |     5 ||   140
       Bite              |    33 |     3 ||    36
       Punch             |     5 |       ||     5
       Dagger            |       |    13 ||    13
 Stab: Sleeping          |     7 |     1 ||     8
Armor: Robe              |    11 |     4 ||    15
       Leather armour    |    17 |       ||    17
Dodge: Dodged            |    89 |    13 ||   102

Table legend: (Time is in decaauts)
 A = Elapsed time spent in this place.
 B = Non-inter-level travel time spent in this place.
 C = Inter-level travel time spent in this place.
 D = Time resting spent in this place.
 E = Time spent auto-exploring this place.
 F = Levels seen in this place.
 G = Mean time per level.
                   A        B        C        D        E       F      G
               +--------+--------+--------+--------+--------+-----+--------+
         Total |   2650 |   2569 |     81 |      0 |   2195 |   3 |  883.3 |
       Dungeon |   2650 |   2569 |     81 |      0 |   2195 |   3 |  883.3 |
               +--------+--------+--------+--------+--------+-----+--------+

Top non-repeatable levels by time:
     D:1: 1508 daAuts
     D:2: 1122 daAuts
     D:3: 19 daAuts
